 Dungeon Crawl Stone Soup version 0.28-a0-973-ga7f8b01127 (webtiles) character file.

Game seed: 11461101650364255587

1461 browni3141 the Skirmisher (level 8, 0/70 HPs)
             Began as a Demigod Fighter on Dec 1, 2021.
             Slain by a gnoll sergeant (17 damage)
             ... in a bailey.
             The game lasted 00:12:33 (7047 turns).

browni3141 the Skirmisher (Demigod Fighter)         Turns: 7047, Time: 00:12:34

Health: 0/70       AC: 13    Str: 17    XL:     8   Next: 24%
Magic:  10/10      EV: 10    Int: 10    God:
Gold:   360        SH:  0    Dex: 27    Spells: 7/7 levels left

rFire   + . .      SeeInvis .   d - +3 halberd
rCold   + . .      Faith    .   (shield currently unavailable)
rNeg    . . .      Spirit   .   s - +0 chain mail
rPois   .          Reflect  .   m - +2 helmet
rElec   .          Harm     .   f - scarf {rC+ rF+}
rCorr   .          Rampage  .   (no gloves)
Will    .....                   (no boots)
Stlth   ..........              (no amulet)
HPRegen 0.21/turn               r - +6 ring of dexterity
MPRegen 0.12/turn               (no ring)

@: no status effects
A: high mp 1, forlorn, divine attributes
a: no special abilities


You were in a bailey.
You visited 1 branch of the dungeon, and saw 7 of its levels.
You also visited: Bailey.

You collected 360 gold pieces.

Inventory:

Hand Weapons
 a - a +0 long sword
 b - a +0 hunting sling
 d - a +3 halberd (weapon)
Missiles
 g - 3 throwing nets
 k - 145 stones (quivered)
 n - 41 sling bullets
Armour
 c - a +0 buckler
 f - a scarf of resistance (worn)
 l - a +0 scale mail
 m - a +2 helmet (worn)
 s - a +0 chain mail (worn)
 B - the +0 robe of Mental Paralysis {Rampage rF+++ Int-3 Stlth-}
   (You found it on level 6 of the Dungeon)

   Int:       It affects your intelligence (-3).
   rF:        It renders you almost immune to fire.
   Rampage:   It bestows one free step when moving towards enemies.
   Stlth:     It makes you less stealthy.
Jewellery
 r - a +6 ring of dexterity (left hand)
Scrolls
 q - 3 scrolls of teleportation
 t - a scroll of enchant armour
 v - a scroll of noise
 w - a scroll of fear
 A - a scroll of magic mapping {unknown}
Potions
 e - 2 potions of mutation {unknown}
 h - 2 potions of cancellation {unknown}
 i - a potion of degeneration {unknown}
 j - a potion of magic {unknown}
 o - 4 potions of heal wounds {unknown}
 p - a potion of lignification {unknown}
 u - 2 potions of attraction {unknown}
 x - a potion of flight {unknown}
 z - a potion of curing {unknown}


   Skills:
 - Level 5.7 Fighting
 - Level 1.7 Long Blades
 * Level 2.3 Polearms
 - Level 5.6 Armour
 - Level 4.8 Dodging
 - Level 4.1 Shields


You had 7 spell levels left.
You didn't know any spells.
Your spell library contained the following spells:

 Spells                   Type           Power      Damage    Failure   Level
 Animate Skeleton         Necr           0%         N/A       99%         1
 Magic Dart               Conj           0%         1d3       99%         1
 Sting                    Tmut/Pois      0%         1d3       99%         1
 Summon Small Mammal      Summ           0%         N/A       99%         1
 Call Imp                 Summ           0%         N/A       100%        2
 Corpse Rot               Necr/Air       0%         N/A       100%        2
 Ensorcelled Hibernation  Hex/Ice        0%         N/A       100%        2
 Call Canine Familiar     Summ           0%         N/A       100%        3
 Mephitic Cloud           Conj/Pois/Air  0%         N/A       100%        3
 Summon Guardian Golem    Hex/Summ       0%         N/A       100%        3
 Tukima's Dance           Hex            0%         N/A       100%        3
 Petrify                  Tmut/Erth      0%         N/A       100%        4
 Summon Lightning Spire   Summ/Air       0%         N/A       100%        4
 Borgnjor's Vile Clutch   Necr/Erth      0%         N/A       100%        5
 Metabolic Englaciation   Hex/Ice        0%         N/A       100%        5
 Statue Form              Tmut/Erth      0%         N/A       100%        6
 Storm Form               Tmut/Air       0%         N/A       100%        7
 Maxwell's Capacitive Co  Air            0%         ∞         100%        8


Dungeon Overview and Level Annotations

Branches:
Dungeon (7/15)             Temple (0/1) D:6          Bailey (1/1)

Annotations:
D:2 1 runed translucent door, Crazy Yiuf
D:5 Grinder


Innate Abilities, Weirdness & Mutations

You have an increased reservoir of magic. (+10% MP)
You shall have no god before yourself.
Your divine heritage dramatically boosts your attributes as you level up.


Message History

The mass of ice explodes!
The iceblast engulfs the gnoll sergeant but does no damage.
The gnoll sergeant is heavily wounded.
The iceblast engulfs the gnoll!
You kill the gnoll!
The gnoll sergeant closely misses you.
Aiming: Iceblast
Press: ? - help, Shift-Dir - straight line, p - gnoll sergeant The mass of ice explodes!
The iceblast engulfs the gnoll sergeant!
The gnoll sergeant is almost dead.
The iceblast engulfs the gnoll!
The gnoll is almost dead.
The gnoll sergeant hits you from afar with a +0 halberd!
Aiming: Iceblast
Press: ? - help, Shift-Dir - straight line, f - gnoll
Aim: a gnoll, wielding a +0 spear and wearing a +0 ring mail (almost dead)
The mass of ice explodes!
The iceblast engulfs the gnoll.
You kill the gnoll!
The iceblast engulfs the gnoll sergeant but does no damage.
The gnoll sergeant is almost dead.
The iceblast engulfs the gnoll!
The gnoll is almost dead.
The now-empty wand crumbles to dust.
The gnoll sergeant completely misses you.
The gnoll throws a throwing net.
The throwing net hits you.
You become entangled in the net!
You aren't carrying any items that you can evoke.
Unknown command.
You struggle against the net.
The gnoll sergeant barely misses you.
You tear a large gash into the net.
The gnoll sergeant hits you but does no damage.
You struggle against the net.
The gnoll sergeant hits you from afar with a +0 halberd!
The gnoll hits you from afar with a +0 spear.
* * * LOW HITPOINT WARNING * * *
Unknown command.
You rip the net and break free!
The gnoll sergeant hits you from afar with a +0 halberd!
You die...

♣♣♣♣♣♣♣♣ ♣♣♣♣♣♣♣♣
♣♣≈≈≈≈≈≈ ≈≈≈≈≈≈≈≈
♣≈≈...####### #..
♣≈..@##.8.... ###
♣≈..##....... # ♣≈gg#
...... # ♣≈.)#
....##### # ♣≈..#
ggg##...## #
♣≈..##g###.....######
♣≈......#.......#...'
♣≈......)...8..)'...'
♣≈......#.......#...'


You could see a gnoll sergeant and a gnoll.

Vanquished Creatures
  An orc warrior (D:7)
  2 ice beasts
  An ogre (D:4)
  A centaur (D:4)
  Blork the orc (D:4)
  3 gnoll sergeants (Bailey)
  A bullfrog zombie (D:6)
  5 hounds
  A jelly (D:5)
  2 orc priests
  2 gnoll shamans (Bailey)
  Jessica (D:3)
  An orc wizard (D:7)
  3 iguanas
  Robin (D:2)
  16 gnolls
  4 adders
  A shadow imp (D:5)
  3 dart slugs (D:1)
  11 orcs
  8 ball pythons
  4 bats
  8 endoplasms
  3 giant cockroaches
  18 goblins
  11 hobgoblins
  2 quokkas (D:1)
  3 frilled lizards
  6 kobolds
  6 rats
130 creatures vanquished.

Vanquished Creatures (others)
  7 fungi
  4 toadstools (D:4)
11 creatures vanquished.

Grand Total: 141 creatures vanquished

Notes
Turn   | Place    | Note
-------+----------+-------------------------------------------
     0 | D:1      | browni3141 the Demigod Fighter began the quest for the Orb.
     0 | D:1      | Reached XP level 1. HP: 18/18 MP: 3/3
    99 | D:1      | Reached XP level 2. HP: 25/25 MP: 4/4
   288 | D:1      | Reached skill level 1 in Dodging
   436 | D:1      | Reached XP level 3. HP: 26/31 MP: 5/5
  1332 | D:2      | Noticed Robin
  1345 | D:2      | Killed Robin
  1365 | D:2      | Reached XP level 4. HP: 10/38 MP: 6/6
  2246 | D:2      | Found a runed translucent door.
  2247 | D:2      | Noticed Crazy Yiuf
  2424 | D:3      | Noticed Jessica
  2433 | D:3      | Killed Jessica
  2607 | D:3      | Reached XP level 5. HP: 46/46 MP: 7/7
  4051 | D:4      | Noticed Blork the orc
  4063 | D:4      | Killed Blork the orc
  4064 | D:4      | Reached XP level 6. HP: 25/52 MP: 8/8
  4731 | D:5      | Entered Level 5 of the Dungeon
  4779 | D:5      | Noticed a two-headed ogre
  4846 | D:5      | Got the Reference Book on Sinister Secrets and
                  | Transmutation
  4935 | D:5      | Noticed Grinder
  4936 | D:5      | Paralysed by Grinder for 6 turns
  5275 | D:4      | Reached XP level 7. HP: 11/60 MP: 9/9
  5908 | D:6      | Reached skill level 5 in Fighting
  5908 | D:6      | Reached skill level 5 in Armour
  6002 | D:6      | Identified the +0 robe of Mental Paralysis {Rampage rF+++
                  | Int-3 Stlth-}
  6026 | D:6      | Found a staircase to the Ecumenical Temple.
  6307 | D:7      | Found a flagged portal.
  6427 | Bailey   | Entered a bailey
  6566 | Bailey   | Reached XP level 8. HP: 15/70 MP: 10/10
  6888 | Bailey   | Reached skill level 1 in Polearms
  7047 | Bailey   | Slain by a gnoll sergeant

Illustrated notes

Levels and vault maps discovered:
D:1:      dpeg_arrival_simpleton_a, layout_rooms, minmay_small_reverse_x
D:2:      layout_loops_corners, uniq_robin, uniq_crazy_yiuf_cottage
D:3:      layout_basic, nicolae_vehumet_altar_sigil,
          ebering_ecumenical_altar_abandoned, serial_bayou_pond_a,
          chequers_garden, kennysheep_generic_room_9, uniq_jessica
D:4:      layout_loops_ring, nrook_mini_backslash, minmay_gold_behind_fungi,
          uniq_blork_the_orc
D:5:      layout_cave_pools, uniq_prince_ribbit1, uniq_grinder, uniq_eustachio
D:6:      layout_basic, minmay_temple_entry_statues_pillars,
          ebering_ghost_reflecting_pool
D:7:      layout_rooms, enter_bailey_3
Bailey:   bailey_polearm_gnolls_kennysheep, bailey

Skill      XL: |  1  2  3  4  5  6  7  8 |
---------------+-------------------------+-----
Dodging        | 1 2 3 4 |  4.8
Armour         | 3 4 5 |  5.6
Fighting       | 3 4 5 |  5.7
Shields        | 3 4 |  4.1
Polearms       | 2 |  2.3
Long Blades    | |  1.7

Action                   |  1- 3 |  4- 6 |  7- 9 || total
-------------------------+-------+-------+-------++-------
Melee: Long sword        |   129 |   212 |    90 ||   431
       Halberd           |       |       |    31 ||    31
 Fire: Hunting sling     |       |     2 |     3 ||     5
Evoke: Wand              |       |    12 |    13 ||    25
  Use: Potion            |     1 |       |     1 ||     2
       Scroll            |       |       |     4 ||     4
Armor: Scale mail        |    65 |    27 |       ||    92
       Chain mail        |       |    78 |    90 ||   168
Dodge: Dodged            |    77 |    81 |    94 ||   252
Block: Buckler           |    48 |    47 |    41 ||   136

Table legend: (Time is in decaauts)
 A = Elapsed time spent in this place.
 B = Non-inter-level travel time spent in this place.
 C = Inter-level travel time spent in this place.
 D = Time resting spent in this place.
 E = Time spent auto-exploring this place.
 F = Levels seen in this place.
 G = Mean time per level.
                   A        B        C        D        E       F      G
               +--------+--------+--------+--------+--------+-----+--------+
         Total |   7214 |   6890 |    324 |    897 |   4098 |   8 |  901.8 |
       Dungeon |   6577 |   6253 |    324 |    594 |   3957 |   7 |  939.6 |
        Bailey |    636 |    636 |      0 |    303 |    141 |   1 |  636.0 |
               +--------+--------+--------+--------+--------+-----+--------+

Top non-repeatable levels by time:
     D:4: 1990 daAuts
     D:2: 1526 daAuts
     D:3: 1124 daAuts
     D:1: 951 daAuts
  Bailey: 636 daAuts
     D:5: 353 daAuts
     D:6: 342 daAuts
     D:7: 288 daAuts
